 Dungeon Crawl Stone Soup version 0.19.1-1-g22dce08 (webtiles) character file.

260 ponk the Covert (level 5, -1/25 HPs)
             Began as a Spriggan Assassin on Jan 10, 2017.
             Was a Follower of Dithmenos.
             Slain by an orc wizard
             ... wielding a +0 dagger
              (2 damage)
             ... on level 3 of the Dungeon.
             The game lasted 00:31:57 (5159 turns).

ponk the Covert (Spriggan Assassin)                 Turns: 5159, Time: 00:31:58

Health: -1/25      AC:  3    Str:  7    XL:     5   Next: 95%
Magic:  6/6        EV: 17    Int: 13    God:    Dithmenos [*.....]
Gold:   181        SH:  0    Dex: 18    Spells: 0 memorised, 4 levels left

rFire  . . .     SeeInvis +     a - +2 dagger
rCold  . . .     Gourm    .     c - +0 robe
rNeg   . . .     Faith    .     (shield restricted)
rPois  .         Spirit   .     (helmet restricted)
rElec  .         Reflect  .     d - +0 cloak
rCorr  .         Harm     .     (gloves unavailable)
MR     .....                    (boots unavailable)
Stlth  ++++++....               (no amulet)
                                (no ring)
                                (no ring)

@: wreathed by umbra, very quick
A: unfitting armour, see invisible, herbivore 3, speed 3, slow metabolism 2
a: Renounce Religion


You were on level 3 of the Dungeon.
You worshipped Dithmenos.
Dithmenos was aware of your devotion.
You were not hungry.

You visited 1 branch of the dungeon, and saw 3 of its levels.

You collected 181 gold pieces.

Inventory:

Hand Weapons
 a - a +2 dagger (weapon)
 b - a +0 blowgun
 i - a +0 dagger
 q - a +0 dagger
Missiles
 e - 18 poisoned needles
 f - 2 curare-tipped needles
Armour
 c - a +0 robe (worn)
 d - a +0 cloak (worn)
 j - a +0 robe
Scrolls
 h - 4 scrolls of magic mapping
 n - 3 scrolls of remove curse
 p - a scroll of identify
Potions
 k - a potion of curing
 l - a potion of haste
 m - a potion of lignification {unknown}
 o - a potion of degeneration {unknown}
Comestibles
 g - 2 bread rations


   Skills:
 - Level 1.5 Fighting
 - Level 2.1 Short Blades
 - Level 2.0 Throwing
 - Level 1.5 Dodging
 * Level 10.9 Stealth


You had 4 spell levels left.
You didn't know any spells.

Dungeon Overview and Level Annotations

Branches:
Dungeon (3/15)

Altars:
Cheibriados
Dithmenos
Nemelex Xobeh
Ru
Sif Muna


Innate Abilities, Weirdness & Mutations

You are very small and have problems with some larger weapons.
You are too small for most types of armour.
You have supernaturally acute eyesight. (SInv)
You are a herbivore.
You cover ground extremely quickly.
You need consume almost no food.


Message History

The orc wizard is heavily wounded.
The orc wizard points at you and mumbles some strange words.
The magic dart hits you!
You hit the orc wizard.
The orc wizard is heavily wounded.
The orc wizard misses you. The orc wizard casts a spell at you.
The magic dart hits you!
The orc wizard gestures wildly while chanting.
The orc wizard blinks!
The orc wizard gestures at you while chanting.
The magic dart hits you!
* * * LOW HITPOINT WARNING * * *
The orc wizard casts a spell at you. The magic dart hits you!
* * * LOW HITPOINT WARNING * * *
You see here a robe.
The orc wizard shouts!
You hear a shout!
The orc wizard shouts!
The orc wizard hits you with a dagger.
You die...

#.##.#.......#.##.####.#####.#
#)##.#.#...###.#....>........#
#......#...# #......##.#..####
####.#########..........#.#
#........##............#
########.##.####.####..#
#....##o....##..#
###..#.o.....#.##
##@#.......#.# ##.o..._.....#
##### #..#.......#.## ##..)##
#..#.......#..##
#o.#..#####[.##.....##...#
#.###.o......####.####.#.####
#ยง.#..######................#
##...## ###...#.##.##.##.#
###.#### #.........##.##.#


You could see an orc wizard.

Vanquished Creatures
  A hound (D:3)
  An orc wizard (D:3)
  An orc priest (D:3)
  Jessica (D:3)
  Terence (D:3)
  3 adders (D:3)
  A dart slug (D:3)
  3 leopard geckos
  5 orcs (D:3)
  4 giant cockroaches
  6 goblins
  12 hobgoblins
  3 jackals (D:3)
  A quokka (D:2)
  9 bats
  6 frilled lizards
  8 kobolds
  24 rats
90 creatures vanquished.

Notes
Turn   | Place    | Note
-------+----------+-------------------------------------------
     0 | D:1      | ponk the Spriggan Assassin began the quest for the Orb.
     0 | D:1      | Reached XP level 1. HP: 10/10 MP: 2/2
    86 | D:1      | Reached skill level 6 in Stealth
   247 | D:1      | Reached XP level 2. HP: 6/14 MP: 3/3
   884 | D:1      | Reached skill level 7 in Stealth
   991 | D:2      | Found a sacrificial altar of Ru.
  1758 | D:2      | Reached XP level 3. HP: 14/18 MP: 4/4
  2200 | D:2      | Reached skill level 8 in Stealth
  2284 | D:2      | Found a faded altar of an unknown god.
  2284 | D:2      | Found a shadowy altar of Dithmenos.
  2292 | D:2      | Found a sparkling altar of Nemelex Xobeh.
  2295 | D:2      | Became a worshipper of Dithmenos the Shadowed
  2300 | D:2      | Found a faded altar of an unknown god.
  2302 | D:2      | Found a deep blue altar of Sif Muna.
  2574 | D:3      | Noticed Terence
  2581 | D:3      | Killed Terence
  2581 | D:3      | Reached XP level 4. HP: 22/22 MP: 5/5
  2601 | D:3      | Reached skill level 9 in Stealth
  3536 | D:3      | Reached XP level 5. HP: 25/25 MP: 6/6
  3934 | D:3      | Found a snail-covered altar of Cheibriados.
  4374 | D:3      | Noticed Jessica
  4431 | D:3      | Reached * piety under Dithmenos
  4516 | D:3      | Killed Jessica
  4516 | D:3      | Reached skill level 10 in Stealth
  5153 | D:3      | HP: 1/25 [orc wizard/magic dart (3)]
  5159 | D:3      | Slain by an orc wizard

Skill      XL: |  1  2  3  4  5 |
---------------+----------------+-----
Stealth        | 6 7 8 9 10 | 10.9
Fighting       | |  1.5
Short Blades   | |  2.1
Throwing       | |  2.0
Dodging        | |  1.5

Action                   |  1- 3 |  4- 6 || total
-------------------------+-------+-------++-------
Melee: Dagger            |   186 |    84 ||   270
 Fire: Blowgun           |     5 |    39 ||    44
  Use: Scroll            |     3 |     1 ||     4
       Potion            |       |     1 ||     1
 Stab: Sleeping          |    19 |    13 ||    32
       Distracted        |       |     1 ||     1
  Eat: Pizza             |       |     1 ||     1
Armor: Robe              |    25 |     8 ||    33
Dodge: Dodged            |   125 |    53 ||   178
